 Dungeon Crawl Stone Soup version 0.29-b1-12-g9e2288ab2a (webtiles) character file.

Game seed: 14699571685061623353

1015 Renzlar the Shield-Bearer (level 8, -2/67 HPs)
             Began as a Gnoll Fighter on Aug 23, 2022.
             Slain by an ice beast (3 damage)
             ... on level 5 of the Dungeon.
             The game lasted 00:11:26 (3432 turns).

Renzlar the Shield-Bearer (Gnoll Fighter)           Turns: 3432, Time: 00:11:26

Health: -2/67      AC:  9    Str: 18    XL:     8   Next: 21%
Magic:  12/12      EV: 10    Int:  7    God:
Gold:   285        SH:  5    Dex: 12    Spells: 13/13 levels left

rFire   . . .      SeeInvis .   a - +1 war axe
rCold   . . .      Faith    .   c - +0 buckler
rNeg    . . .      Spirit   .   b - +1 scale mail
rPois   .          Reflect  .   (no helmet)
rElec   .          Harm     .   e - scarf {+Inv}
rCorr   .          Rampage  .   (no gloves)
Will    .....                   (no boots)
Stlth   +.........              (no amulet)
HPRegen 0.21/turn               (no ring)
MPRegen 0.13/turn               (no ring)

@: no status effects
A: fangs 1, strong nose, distributed training
a: Evoke Invisibility


You were on level 5 of the Dungeon.
You visited 1 branch of the dungeon, and saw 5 of its levels.

You collected 285 gold pieces.

Inventory:

Hand Weapons
 a - a +1 war axe (weapon)
 k - a +2 dagger of electrocution
 q - a +1 whip of flaming
Missiles
 h - 53 stones (quivered)
 l - a poisoned dart
Armour
 b - a +1 scale mail (worn)
 c - a +0 buckler (worn)
 e - a scarf of invisibility (worn)
Scrolls
 n - a scroll of enchant armour
 r - a scroll of teleportation
Potions
 d - 3 potions of might
 f - a potion of berserk rage {unknown}
 g - 2 potions of resistance {unknown}
 i - a potion of haste {unknown}
 j - 9 potions of curing
 m - a potion of mutation {unknown}
 o - a potion of invisibility {unknown}
 p - a potion of lignification {unknown}


   Skills:
 + Level 7.3 Fighting
 + Level 3.2 Short Blades
 + Level 3.2 Long Blades
 + Level 5.6 Axes
 + Level 3.2 Maces & Flails
 + Level 3.2 Polearms
 + Level 3.2 Staves
 + Level 3.2 Ranged Weapons
 + Level 3.2 Throwing
 + Level 7.3 Armour
 + Level 3.2 Dodging
 + Level 3.2 Stealth
 + Level 7.3 Shields
 + Level 3.2 Unarmed Combat
 + Level 3.2 Spellcasting
 + Level 2.6 Conjurations
 + Level 2.6 Hexes
 + Level 2.6 Summonings
 + Level 2.6 Necromancy
 + Level 2.6 Translocations
 + Level 2.6 Transmutations
 + Level 2.6 Fire Magic
 + Level 2.6 Ice Magic
 + Level 2.6 Air Magic
 + Level 2.6 Earth Magic
 + Level 2.6 Poison Magic
 + Level 3.5 Invocations
 + Level 3.2 Evocations


You had 13 spell levels left.
You didn't know any spells.
Your spell library was empty.

Dungeon Overview and Level Annotations

Branches:
Dungeon (5/15)
 Temple: D:4-7

Altars:
Makhleb
Qazlal
Uskayaw


Innate Abilities, Weirdness & Mutations

You have very sharp teeth.
Your uncanny sense of smell can sniff out nearby items.
Your experience applies equally to all skills.


Message History

You hit the ice beast.
You melt the ice beast.
You bite the ice beast, but do no damage.
The ice beast is severely wounded.
The ice beast hits you but does no damage.
You barely miss the ice beast.
The ice beast is severely wounded.
The ice beast hits you. The ice beast freezes you!
Your +1 whip of flaming stops flaming.
a - a +1 war axe (weapon)
The ice beast hits you. The ice beast freezes you!
You hit the ice beast but do no damage.
The ice beast is severely wounded.
You block the ice beast's attack.
You closely miss the ice beast.
The ice beast is severely wounded.
The ice beast hits you but does no damage.
You barely miss the ice beast.
The ice beast is severely wounded.
The ice beast hits you but does no damage.
You hit the ice beast but do no damage.
The ice beast is severely wounded.
The ice beast hits you. The ice beast freezes you!
* * * LOW HITPOINT WARNING * * *
The ice beast barely misses you.
You barely miss the ice beast.
The ice beast is severely wounded.
The ice beast hits you.
* * * LOW HITPOINT WARNING * * *
The ice beast freezes you!
* * * LOW HITPOINT WARNING * * *
Unknown command.
Unknown command.
You barely miss the ice beast.
The ice beast is severely wounded.
You block the ice beast's attack.
You hit the ice beast. Your bite misses the ice beast.
The ice beast is almost dead.
The ice beast hits you but does no damage.
The ice beast hits you.
You die...

∆ #.# #.# ~ #.###
.. ###... .. ∆
....##.#..
(.$<..... #Y..((.#
#@# ###.# #...## #
#####....###.#.
#...[.._.......
...###....#####..#
## ##...# ..#
#.### #.#
...####.# #[#


You could see an ice beast.

Vanquished Creatures
  Pikel (D:5)
  An ogre (D:5)
  2 phantoms (D:4)
  A kobold brigand (D:4)
  2 scorpions
  2 hounds (D:4)
  Natasha (twice) (D:3)
  2 adders
  4 dart slugs
  6 orcs (D:4)
  4 ball pythons (D:1)
  3 endoplasms
  2 giant cockroaches
  7 goblins
  5 hobgoblins
  10 jackals
  6 kobolds
  2 quokkas
  3 bats
  2 frilled lizards (D:2)
  3 rats
70 creatures vanquished.

Notes
Turn   | Place    | Note
-------+----------+-------------------------------------------
     0 | D:1      | Renzlar the Gnoll Fighter began the quest for the Orb.
     0 | D:1      | Reached XP level 1. HP: 23/23 MP: 1/1
   190 | D:1      | Reached XP level 2. HP: 23/29 MP: 2/2
   936 | D:2      | Reached XP level 3. HP: 34/35 MP: 3/3
  1052 | D:2      | Reached skill level 1 in Invocations
  1088 | D:2      | Reached skill level 1 in Short Blades
  1088 | D:2      | Reached skill level 1 in Long Blades
  1088 | D:2      | Reached skill level 1 in Maces & Flails
  1088 | D:2      | Reached skill level 1 in Polearms
  1088 | D:2      | Reached skill level 1 in Staves
  1088 | D:2      | Reached skill level 1 in Ranged Weapons
  1088 | D:2      | Reached skill level 1 in Throwing
  1088 | D:2      | Reached skill level 1 in Dodging
  1088 | D:2      | Reached skill level 1 in Stealth
  1088 | D:2      | Reached skill level 1 in Unarmed Combat
  1088 | D:2      | Reached skill level 1 in Spellcasting
  1088 | D:2      | Reached skill level 1 in Evocations
  1366 | D:3      | Found a faded altar of an unknown god.
  1444 | D:3      | Noticed Natasha
  1448 | D:3      | Killed Natasha
  1449 | D:3      | Reached XP level 4. HP: 35/41 MP: 5/5
  1542 | D:3      | Reached skill level 1 in Conjurations
  1542 | D:3      | Reached skill level 1 in Hexes
  1542 | D:3      | Reached skill level 1 in Summonings
  1542 | D:3      | Reached skill level 1 in Necromancy
  1542 | D:3      | Reached skill level 1 in Translocations
  1542 | D:3      | Reached skill level 1 in Transmutations
  1542 | D:3      | Reached skill level 1 in Fire Magic
  1542 | D:3      | Reached skill level 1 in Ice Magic
  1542 | D:3      | Reached skill level 1 in Air Magic
  1542 | D:3      | Reached skill level 1 in Earth Magic
  1542 | D:3      | Reached skill level 1 in Poison Magic
  1633 | D:3      | Noticed a scorpion
  1640 | D:3      | Found a stormy altar of Qazlal.
  1942 | D:3      | Killed a scorpion
  1943 | D:3      | Reached XP level 5. HP: 43/47 MP: 5/7
  2251 | D:3      | Noticed Natasha
  2257 | D:3      | Killed Natasha
  2516 | D:4      | Noticed a phantom
  2537 | D:4      | Killed a phantom
  2538 | D:4      | Reached XP level 6. HP: 39/53 MP: 8/8
  2675 | D:4      | Reached skill level 5 in Axes
  2940 | D:4      | Reached XP level 7. HP: 56/59 MP: 10/10
  3061 | D:4      | Found a burning altar of Makhleb.
  3234 | D:5      | Entered Level 5 of the Dungeon
  3259 | D:5      | Found a hide-covered altar of Uskayaw.
  3272 | D:5      | Noticed Pikel
  3295 | D:5      | Killed Pikel
  3296 | D:5      | Reached XP level 8. HP: 42/67 MP: 10/12
  3430 | D:5      | HP: 1/67 [ice beast (14)]
  3432 | D:5      | Slain by an ice beast

Illustrated notes

Levels and vault maps discovered:
D:1:      amcnicky_arrival_blooded_trapdoor, layout_loops_ring
D:2:      layout_rooms
D:3:      layout_basic, grunt_qazlal_sundering,
          ebering_ecumenical_altar_abandoned, serial_co_window_serial,
          co_window_paths_a, co_window_paths_b, co_window_of_opportunity_a,
          co_window_of_opportunity_a, co_window_corner_a, co_window_cross_1,
          co_window_paths_a, co_window_broadway_c, co_window_unsneaky_path_c,
          co_window_2corner, co_window_broadway_a, co_window_4corner_b,
          glass_columns_a, minivault_4, due_unseen_surprise, uniq_natasha
D:4:      layout_rooms, amcnicky_altar_gilded, minmay_bent
D:5:      layout_loops_ring, mainiacjoe_overflow_boulevard,
          nicolae_ashenzari_panopticon, nicolae_overflow_crystal_walls,
          minmay_temple_entry_water_ring, uniq_pikel

Skill      XL: |  1  2  3  4  5  6  7 |
---------------+----------------------+-----
Invocations    | 1 2 3 |  3.5
Short Blades   | 1 2 3 |  3.2
Long Blades    | 1 2 3 |  3.2
Maces & Flails | 1 2 3 |  3.2
Polearms       | 1 2 3 |  3.2
Staves         | 1 2 3 |  3.2
Ranged Weapons | 1 2 3 |  3.2
Throwing       | 1 2 3 |  3.2
Dodging        | 1 2 3 |  3.2
Stealth        | 1 2 3 |  3.2
Unarmed Combat | 1 2 3 |  3.2
Spellcasting   | 1 2 3 |  3.2
Evocations     | 1 2 3 |  3.2
Conjurations   | 1 2 |  2.6
Hexes          | 1 2 |  2.6
Summonings     | 1 2 |  2.6
Necromancy     | 1 2 |  2.6
Translocations | 1 2 |  2.6
Transmutations | 1 2 |  2.6
Fire Magic     | 1 2 |  2.6
Ice Magic      | 1 2 |  2.6
Air Magic      | 1 2 |  2.6
Earth Magic    | 1 2 |  2.6
Poison Magic   | 1 2 |  2.6
Axes           | 5 |  5.6
Fighting       | 7 |  7.3
Armour         | 7 |  7.3
Shields        | 7 |  7.3

Action                   |  1- 3 |  4- 6 |  7- 9 || total
-------------------------+-------+-------+-------++-------
Melee: War axe           |   126 |    89 |    39 ||   254
       Bite              |    13 |    16 |     7 ||    36
       Whip              |       |       |    14 ||    14
Throw: Stone             |     2 |     8 |    13 ||    23
       Dart              |       |     3 |     3 ||     6
  Use: Scroll            |     2 |     6 |     2 ||    10
Armor: Chain mail        |    73 |       |       ||    73
       Scale mail        |     5 |    25 |    14 ||    44
Dodge: Dodged            |    31 |    38 |    18 ||    87
Block: Buckler           |    45 |    17 |     8 ||    70
